 Dungeon Crawl Stone Soup version 0.29.1-12-g30fa7ad0bf (webtiles) character file.

Game seed: 487914004936633941

6596 hawla the Thaumaturge (level 11, -6/81 HPs)
             Began as a Meteoran Fire Elementalist on Jan 13, 2023.
             Was a Believer of Vehumet.
             Mangled by Erica
             ... wielding a +4 scimitar of flaming
              (17 damage)
             ... on level 8 of the Dungeon on Jan 14, 2023.
             The game lasted 00:16:40 (3831 turns).

hawla the Thaumaturge (Meteoran Fire Elementalist)  Turns: 3831, Time: 00:16:41

Health: -6/81      AC: 13    Str: 11    XL:     11   Next: 44%
Magic:  18/28      EV: 14    Int: 21    God:    Vehumet [**....]
Gold:   85         SH:  0    Dex: 14    Spells: 28/35 levels left

rFire   . . .      SeeInvis .   m - +2 glaive (venom)
rCold   . . .      Faith    .   (shield currently unavailable)
rNeg    . . .      Spirit   .   a - +0 robe
rPois   .          Reflect  .   w - +0 helmet
rElec   .          Harm     .   o - +0 cloak
rCorr   .          Rampage  .   d - +0 pair of gloves
Will    +....                   (no boots)
Stlth   +.........              (no amulet)
HPRegen 0.23/turn               h - +4 ring of protection
MPRegen 0.21/turn               l - +4 ring of protection

@: slowed, glowing, very slow
A: sense surroundings 2, otherworldly, glowing, explore regen
a: Renounce Religion


You were on level 8 of the Dungeon.
You worshipped Vehumet.
Vehumet was pleased with you.
You visited 2 branches of the dungeon, and saw 9 of its levels.
You also visited: Ossuary and Bailey.

You collected 269 gold pieces.
You spent 184 gold pieces at shops.

Inventory:

Hand Weapons
 m - a +2 glaive of venom (weapon)
 y - the +7 spear of Inquiry {holy, rC+++ Dex-5}
   (You bought it in a shop on level 2 of the Dungeon)

   It has been blessed by the Shining One to cause great damage to the undead
   and demons.
   Dex:       It affects your dexterity (-5).
   rC:        It renders you almost immune to cold.
Armour
 a - a +0 robe (worn)
 d - a +0 pair of gloves (worn)
 o - a +0 cloak (worn)
 w - a +0 helmet (worn)
Jewellery
 h - a +4 ring of protection (left hand)
 l - a +4 ring of protection (right hand)
Wands
 j - a wand of flame (26)
 k - a wand of charming (10)
 C - a wand of mindburst (18)
 D - a wand of polymorph (13)
Scrolls
 b - 2 scrolls of vulnerability
 f - a scroll of silence {unknown}
 g - 7 scrolls of identify
 i - 2 scrolls of poison {unknown}
 p - 2 scrolls of amnesia {unknown}
 q - a scroll of teleportation {unknown}
 t - 2 scrolls of immolation {unknown}
 v - 4 scrolls of butterflies
 A - a scroll of acquirement {unknown}
Potions
 c - 2 potions of mutation
 e - 4 potions of curing
 n - a potion of lignification
 r - 2 potions of flight
 s - a potion of attraction
 u - 2 potions of might
 x - 3 potions of magic
 z - 2 potions of haste {unknown}
 B - a potion of heal wounds {unknown}
 E - a potion of invisibility {unknown}


   Skills:
 + Level 2.6 Fighting
 + Level 3.7 Polearms
 + Level 5.4 Dodging
 - Level 1.4 Stealth
 + Level 12.5 Spellcasting
 + Level 5.5 Conjurations
 + Level 12.3 Fire Magic
 + Level 3.0 Evocations


You had 28 spell levels left.
You knew the following spells:

 Your Spells              Type           Power      Damage    Failure   Level
a - Foxfire               Conj/Fire      100%       2x1d9     1%          1
b - Scorch                Fire           100%       2d10      1%          2
c - Flame Wave            Conj/Fire      50%        2d12      1%          4

Your spell library contained the following spells:

 Spells                   Type           Power      Damage    Failure   Level
 Freeze                   Ice            52%        1d7       4%          1
 Conjure Flame            Conj/Fire      50%        6-21      1%          3
 Inner Flame              Hex/Fire       39%        N/A       1%          3


Dungeon Overview and Level Annotations

Branches:
Dungeon (8/15) Zot: 1663   Temple (1/1) D:5 Zot: 387 Ossuary (visited)
 Bailey (visited)
   Lair: D:8-11

Altars:
Ashenzari
Cheibriados
Elyvilon
Gozag
Hepliaklqana
Kikubaaqudgha
Makhleb
Nemelex Xobeh
Okawaru
Ru
Trog
Uskayaw
Vehumet
Wu Jian
Xom
Zin
The Shining One

Shops:
D:2 (

Annotations:
D:8 Erica


Innate Abilities, Weirdness & Mutations

You passively map the area around you.
You are easily found by Zot.
You glow in the dark.
You regain HP and MP as you explore.


Message History

Erica is moderately wounded.
You finish channelling waves of flame.
Erica misses you.
Unknown command.
Casting: Flame Wave (mildly dangerous; 1% risk of failure)
Confirm with . or Enter, or press ? or * to list all spells.
Flames lash Erica.
Erica resists.
Erica is moderately wounded.
Erica's fire resistance burns away.
Erica hits you with a +4 scimitar of flaming!
Erica burns you.
Erica zaps a wand.
The roots erupt in riotous growth!
The grasping roots grab you!
Erica is unaffected.
The grasping roots constrict you!
Casting: Scorch (safe; 1% risk of failure)
Confirm with . or Enter, or press ? or * to list all spells.
Flames lash Erica.
Erica is heavily wounded.
Erica hits you with a +4 scimitar of flaming!
Erica burns you. The grasping roots constrict you!
Unknown command.
Aiming: Mindburst
Press: ? - help, Shift-Dir - straight line, f - Erica
Aim: Erica, wielding a +4 scimitar of flaming, wearing a +2 robe of fire resistance and carrying a wand of roots (6) (heavily wounded, more vulnerable to fire, chance to affect: 42%) Erica resists with some effort.
Erica barely misses you. The grasping roots constrict you!
* * * LOW HITPOINT WARNING * * *
Erica closely misses you. The grasping roots constrict you.
* * * LOW HITPOINT WARNING * * *
The grasping roots release their grip on you.
Aiming: Mindburst
Press: ? - help, Shift-Dir - straight line, f/p - Erica
Aim: Erica, wielding a +4 scimitar of flaming, wearing a +2 robe of fire resistance and carrying a wand of roots (6) (heavily wounded, more vulnerable to fire, chance to affect: 42%) Erica resists with some effort.
Erica hits you with a +4 scimitar of flaming!
* * * LOW HITPOINT WARNING * * *
Erica burns you.
* * * LOW HITPOINT WARNING * * *
Unknown command.
You feel better.
Erica hits you with a +4 scimitar of flaming!
You die...

#.
##..........###..
###.##..#.## #..
#####.......# #..
#..........## #..
#.#.#...##.# #..
###......###.# #..
* #...#.#.## * ##.
* ###.....##* #.
,* * #@.....# ##
#....)@...#.... *
# *,
#.........##....,*
#.....>...#*....
**
#............... ,
* #.........###
##** ,
#..........# * *
,...........# *
*** , , *


You could see Erica (combustible).

Vanquished Creatures
  2 two-headed ogres
  Maurice (D:8)
  The ghost of Pows the Trooper, a novice MiFi (D:5)
  Joseph (D:8)
  Prince Ribbit (D:5)
  4 spriggans (Bailey)
  A wyvern (D:7)
  A wraith (Ossuary)
  5 yaks (D:8)
  2 steam dragons
  Menkaure (D:4)
  2 orc warriors
  A sky beast (D:7)
  A black bear (D:8)
  4 ogres
  A phantom (D:4)
  A centaur (D:6)
  2 necrophages
  A bullfrog (D:6)
  A gnoll sergeant (D:5)
  2 scorpions
  4 wights (D:7)
  6 killer bees (D:8)
  A gnoll bouda (D:8)
  3 orc priests
  A hound (D:5)
  3 iguanas
  3 orc wizards
  3 mummies (Ossuary)
  11 gnolls
  4 adders
  A shadow imp (D:8)
  A white imp (D:6)
  2 ufetubi
  3 dart slugs
  24 orcs
  An endoplasm (D:2)
  A gnoll zombie (Ossuary)
  8 goblins
  A hobgoblin (D:2)
  4 jackals (D:5)
  A quokka (D:5)
  8 ball pythons
  A frilled lizard (D:1)
  4 goblin zombies (Ossuary)
  2 kobolds
  2 kobold zombies (Ossuary)
139 creatures vanquished.

Vanquished Creatures (others)
  186 foxfires
  A plant (D:4)
187 creatures vanquished.

Grand Total: 326 creatures vanquished

Notes
Turn   | Place    | Note
-------+----------+-------------------------------------------
     0 | D:1      | hawla the Meteoran Fire Elementalist began the quest for
                  | the Orb.
     0 | D:1      | Reached XP level 1. HP: 14/14 MP: 5/5
    23 | D:2      | Found a snail-covered altar of Cheibriados.
    32 | D:2      | Reached XP level 2. HP: 20/20 MP: 3/6
    45 | D:2      | Found Vife's Antique Weapon Boutique.
   129 | D:3      | Reached XP level 3. HP: 26/26 MP: 8/8
   152 | D:3      | Reached XP level 4. HP: 33/33 MP: 3/10
   160 | D:3      | Learned a level 2 spell: Scorch
   213 | D:4      | Reached XP level 5. HP: 12/38 MP: 0/11
   254 | D:4      | Reached skill level 5 in Fire Magic
   325 | D:4      | Noticed Menkaure
   329 | D:4      | Killed Menkaure
   330 | D:4      | Reached XP level 6. HP: 45/45 MP: 6/14
   586 | D:4      | Reached skill level 5 in Spellcasting
   755 | D:4      | Reached XP level 7. HP: 49/51 MP: 6/16
  1223 | D:5      | Entered Level 5 of the Dungeon
  1395 | D:5      | Found a runed translucent gate.
  1412 | D:5      | Found a runed translucent gate.
  1413 | D:5      | Found a runed translucent gate.
  1417 | D:5      | Noticed Pows's ghost (novice MiFi)
  1431 | D:5      | Noticed Prince Ribbit
  1444 | D:5      | Killed Prince Ribbit
  1445 | D:5      | Reached skill level 1 in Fighting
  1445 | D:5      | Reached skill level 1 in Polearms
  1445 | D:5      | Reached XP level 8. HP: 59/59 MP: 5/18
  1450 | D:5      | Learned a level 4 spell: Flame Wave
  1468 | D:5      | Reached skill level 1 in Evocations
  1750 | D:5      | Found a staircase to the Ecumenical Temple.
  1757 | Temple   | Entered the Ecumenical Temple
  1910 | Temple   | Became a worshipper of Vehumet
  2047 | D:5      | Killed Pows's ghost
  2048 | D:5      | Gained mutation: You passively map the area around you.
                  | [Meteoran growth]
  2048 | D:5      | Reached XP level 9. HP: 20/64 MP: 3/20
  2292 | D:6      | Found a sand-covered staircase.
  2306 | Ossuary  | Entered an ossuary
  2345 | Ossuary  | Reached * piety under Vehumet
  2345 | Ossuary  | Offered knowledge of Sandblast by Vehumet.
  2763 | D:7      | Reached XP level 10. HP: 73/73 MP: 5/24
  3056 | D:2      | Bought a polished spear for 184 gold pieces
  3056 | D:2      | Identified the +7 spear of Inquiry {holy, rC+++ Dex-5} (You
                  | bought it in a shop on level 2 of the Dungeon)
  3241 | D:8      | Found a flagged portal.
  3275 | Bailey   | Entered a bailey
  3309 | Bailey   | Reached skill level 10 in Fire Magic
  3316 | Bailey   | Reached skill level 10 in Spellcasting
  3341 | Bailey   | Noticed a two-headed ogre
  3348 | Bailey   | Killed a two-headed ogre
  3349 | Bailey   | Reached skill level 5 in Conjurations
  3469 | D:8      | Reached ** piety under Vehumet
  3469 | D:8      | Offered knowledge of Freeze by Vehumet.
  3493 | D:8      | Noticed Joseph
  3505 | D:8      | Killed Joseph
  3557 | D:8      | Reached XP level 11. HP: 79/79 MP: 23/27
  3557 | D:8      | Noticed a two-headed ogre
  3565 | D:8      | Reached skill level 5 in Dodging
  3566 | D:8      | Killed a two-headed ogre
  3706 | D:8      | Noticed Maurice
  3727 | D:8      | Killed Maurice
  3818 | D:8      | Noticed Erica
  3830 | D:8      | HP: 1/81 [Erica/+4 scimitar of flaming (4)]
  3831 | D:8      | Mangled by Erica

Illustrated notes

Levels and vault maps discovered:
D:1:      erik_arrival_orb_chamber, layout_basic,
          hellmonk_ecumenical_altar_heavens_door, serial_shops,
          nicolae_shop_behind_doors
D:2:      layout_rooms, basic_altar, serial_shops, shop
D:3:      layout_loops_ring, uniq_robin
D:4:      layout_layer_cave, wad_floor_pattern_1, serial_bayou_ford_a,
          uniq_menkaure
D:5:      layout_basic, gammafunk_temple_overflow_pools,
          minmay_temple_entry_enclosed_plants, biasface_ghost_orc_armoury,
          uniq_prince_ribbit1
D:6:      layout_basic, mainiacjoe_overflow_paths,
          nicolae_ossuary_entry_false_entrances, lightli_minifort
D:7:      layout_layer_cave, kennysheep_little_box, mainiacjoe_overflow_24_doors
D:8:      layout_rooms, special_room [special_room_orc],
          lightli_bailey_entry_fortress, serial_glass, glass_columns_a,
          glass_columns_c, glass_columns_b, glass_columns_a, glass_columns_a,
          glass_columns_a, minivault_21, uniq_joseph, uniq_erica, uniq_maurice
Temple:   minmay_crystal_spiral_temple

Skill      XL: |  1  2  3  4  5  6  7  8  9 10 11 |
---------------+----------------------------------+-----
Fire Magic     | 4 5 6 7 9 11 12 | 12.3
Spellcasting   | 3 4 5 6 7 9 11 12 | 12.5
Dodging        | 3 4 5 |  5.4
Conjurations   | 2 3 4 5 |  5.5
Fighting       | 1 2 |  2.6
Polearms       | 1 2 3 |  3.7
Evocations     | 3 |  3.0
Stealth        | |  1.4

Action                   |  1- 3 |  4- 6 |  7- 9 | 10-12 || total
-------------------------+-------+-------+-------+-------++-------
Melee: Unarmed           |     9 |     6 |       |     6 ||    21
       Trident           |       |       |    27 |       ||    27
       Spear             |       |       |       |    12 ||    12
       Glaive            |       |       |       |     8 ||     8
 Cast: Foxfire           |    17 |    24 |    34 |    30 ||   105
       Scorch            |       |    19 |    47 |    32 ||    98
       Flame Wave        |       |       |     7 |    11 ||    18
Evoke: Wand              |       |       |       |     2 ||     2
  Use: Potion            |       |       |     2 |     1 ||     3
       Scroll            |       |       |     1 |     6 ||     7
Armor: Robe              |     3 |     6 |    40 |    32 ||    81
       Skin              |       |       |       |     2 ||     2
Dodge: Dodged            |    17 |    15 |    43 |    40 ||   115
